 Dungeon Crawl Stone Soup version 0.28.0-53-g5a82cb258f (webtiles) character file.

Game seed: 7437671229571610602

8441 klau3 the Cleaver (level 11, -3/145 HPs)
             Began as a Minotaur Berserker on May 20, 2022.
             Was a Priest of Trog.
             Slain by a 13-headed hydra (12 damage)
             ... on level 11 of the Dungeon on May 23, 2022.
             The game lasted 00:29:27 (14103 turns).

klau3 the Cleaver (Minotaur Berserker)             Turns: 14103, Time: 00:29:28

Health: -3/145     AC: 16    Str: 26    XL:     11   Next: 9%
Magic:  10/10      EV:  9    Int:  4    God:    Trog [***...]
Gold:   833        SH:  5    Dex: 10    Spells: 10/10 levels left

rFire   x . .      SeeInvis .   o - +0 war axe
rCold   + . .      Faith    .   (no shield)
rNeg    . . .      Spirit   .   E - +0 plate armour
rPois   .          Reflect  +   (helmet restricted)
rElec   .          Harm     .   (no cloak)
rCorr   +          Rampage  .   D - +0 pair of gloves
Will    ++...                   (no boots)
Stlth   ..........              u - amulet of reflection
HPRegen 1.34/turn               e - ring of ice
MPRegen 0.12/turn               y - ring of resist corrosion

@: berserking, strong-willed, regenerating, very quick
A: horns 2, retaliatory headbutt
a: Renounce Religion, Berserk, Trog's Hand


You were on level 11 of the Dungeon.
You worshipped Trog.
Trog was most pleased with you.
You visited 2 branches of the dungeon, and saw 12 of its levels.

You collected 833 gold pieces.

Inventory:

Hand Weapons
 a - a +0 hand axe
 o - a +0 war axe (weapon)
 s - the +3 mace of Death's Door {protect, Fragile Str+2 Dex+4}
   (You found it on level 3 of the Dungeon)

   It grants its wielder temporary protection when it strikes (+7 to AC).
   Str:       It affects your strength (+2).
   Dex:       It affects your dexterity (+4).
   Fragile:   It will be destroyed if unequipped.
 B - a +0 broad axe
 I - the +6 flail "Xiatain" {vorpal, MP+9}
   (You found it on level 7 of the Dungeon)

   It inflicts extra damage upon your enemies.
   MP:        It affects your magic capacity (+9).
 L - a +0 battleaxe
 Q - a +0 shortbow
Missiles
 d - 50 poisoned darts (quivered)
 J - 3 silver boomerangs
 R - 63 arrows
Armour
 b - a +0 animal skin
 c - a +0 leather armour
 f - a +0 ring mail
 A - a +2 leather armour of poison resistance
 D - a +0 pair of gloves (worn)
 E - a +0 plate armour (worn)
 V - +0 acid dragon scales
Jewellery
 e - a ring of ice (left hand)
 p - the amulet of Xom's Passing Interest {Spirit rPois rF+}
   (You found it on level 3 of the Dungeon)

   [amulet of guardian spirit]

   It causes incoming damage to be divided between your reserves of health and
   magic.
   rF:        It protects you from fire.
   rPois:     It protects you from poison.
 u - an amulet of reflection (around neck)
 x - an amulet of faith
 y - a ring of resist corrosion (right hand)
 C - an amulet of the acrobat
 F - a ring of see invisible
 S - a +6 ring of strength
Wands
 w - a wand of paralysis (4)
 K - a wand of iceblast (13)
 P - a wand of flame (22)
 X - a wand of acid (4)
Scrolls
 g - 2 scrolls of amnesia {unknown}
 h - a scroll of fear
 i - 6 scrolls of identify {unknown}
 m - a scroll of immolation {unknown}
 n - a scroll of vulnerability
 q - 2 scrolls of blinking {unknown}
 v - 2 scrolls of enchant weapon {unknown}
 z - a scroll of brand weapon {unknown}
 H - 3 scrolls of teleportation {unknown}
 N - a scroll of noise {unknown}
 O - 2 scrolls of acquirement {unknown}
 T - a scroll of summoning {unknown}
 U - a scroll of torment {unknown}
 W - 2 scrolls of enchant armour {unknown}
Potions
 j - 6 potions of curing {unknown}
 k - 5 potions of mutation {unknown}
 l - 2 potions of flight {unknown}
 r - a potion of brilliance {unknown}
 t - 5 potions of heal wounds {unknown}
 G - a potion of lignification {unknown}
 M - a potion of ambrosia {unknown}


   Skills:
 + Level 9.1 Fighting
 + Level 13.4 Axes
 + Level 1.8 Throwing
 + Level 11.0 Armour
 + Level 4.8 Dodging
 + Level 1.3 Stealth
 + Level 6.0 Shields


You had 10 spell levels left.
You didn't know any spells.
Your spell library was empty.

Dungeon Overview and Level Annotations

Branches:
Dungeon (11/15)            Temple (0/1) D:4            Lair (0/6) D:8
    Orc (1/2) D:10

Altars:
Fedhas
Ru
Wu Jian
Xom
Yredelemnul


Innate Abilities, Weirdness & Mutations

You have a pair of horns on your head.
You reflexively headbutt those who attack you in melee.


Message History

The 11-headed hydra closely misses you.
The 11-headed hydra bites you but does no damage.
The 11-headed hydra barely misses you.
The 11-headed hydra bites you but does no damage.
The 11-headed hydra closely misses you. The 11-headed hydra bites you.
The 11-headed hydra barely misses you.
You hack one of the 11-headed hydra's heads off!
The ten-headed hydra grows two more!
You hit the 12-headed hydra. You headbutt the 12-headed hydra!
The 12-headed hydra is severely wounded.
You barely miss the 12-headed hydra. You headbutt the 12-headed hydra!
The 12-headed hydra is almost dead.
The 12-headed hydra bites you but does no damage. x3
You block the 12-headed hydra's attack. The 12-headed hydra closely misses you.
The 12-headed hydra bites you but does no damage.
The 12-headed hydra bites you.
The 12-headed hydra bites you but does no damage.
The 12-headed hydra bites you. x3; You block the 12-headed hydra's attack.
You barely miss the 12-headed hydra.
The 12-headed hydra is almost dead.
You barely miss the 12-headed hydra.
The 12-headed hydra is almost dead.
The 12-headed hydra bites you. x2; You block the 12-headed hydra's attack.
The 12-headed hydra bites you but does no damage.
The 12-headed hydra closely misses you.
The 12-headed hydra bites you but does no damage. x2
The 12-headed hydra bites you!
* * * LOW HITPOINT WARNING * * *
The 12-headed hydra bites you but does no damage.
The 12-headed hydra bites you.
* * * LOW HITPOINT WARNING * * *
The 12-headed hydra bites you!
* * * LOW HITPOINT WARNING * * *
The 12-headed hydra bites you!
* * * LOW HITPOINT WARNING * * *
You lop one of the 12-headed hydra's heads off!
The 11-headed hydra grows two more!
You slash the 13-headed hydra!
The 13-headed hydra is almost dead.
The 13-headed hydra bites you!
You die...

#. ######.#.####.#
#.# #..............
##..###.####.##.##...
#.......# #....#....
#......########))....
#......#......)..###.
#####....####.#### #.
#.#####.#### #..# #.
#....D@.# #.## #.
#.####### ##.# ###
###..######..
#...........#
#############


You could see a 13-headed hydra.

Vanquished Creatures
  Maurice (D:9)
  A komodo dragon (D:11)
  A kobold demonologist (D:8)
  2 trolls (D:11)
  A hornet (D:8)
  A vampire (D:8)
  A shadow (D:9)
  A wyvern (D:8)
  7 yaks
  A basilisk (D:8)
  2 water moccasins
  An acid dragon (D:10)
  4 orc warriors (D:10)
  2 black bears
  An ice beast (D:7)
  An ogre (D:5)
  3 centaurs
  A phantom (D:6)
  12 kobold brigands
  A gnoll sergeant (D:6)
  Blork the orc (D:4)
  3 bullfrogs
  A scorpion (D:6)
  A water moccasin skeleton (D:6)
  10 wights (D:8)
  4 howler monkeys
  An electric eel (D:7)
  4 centaur zombies
  2 hounds
  6 orc priests
  Crazy Yiuf (D:3)
  A bullfrog skeleton (D:6)
  3 gnoll shamans
  2 jellies
  A centaur skeleton (D:5)
  4 iguanas
  Terence (D:2)
  12 orc wizards
  A scorpion zombie (D:5)
  2 killer bee zombies
  2 howler monkey zombies (D:10)
  21 gnolls
  6 adders
  2 shadow imps
  A white imp (D:7)
  An adder skeleton (D:4)
  2 worms
  A dart slug (D:1)
  42 orcs
  5 endoplasms
  A giant cockroach (D:3)
  3 goblins
  4 hobgoblins
  8 quokkas
  3 ball pythons
  7 bats
  4 frilled lizards
  21 kobolds
  2 rats (D:3)
242 creatures vanquished.

Vanquished Creatures (others)
  A kobold brigand (D:8)
  A lava snake (D:7)
  2 fungi (D:8)
4 creatures vanquished.

Grand Total: 246 creatures vanquished

Notes
Turn   | Place    | Note
-------+----------+-------------------------------------------
     0 | D:1      | klau3 the Minotaur Berserker began the quest for the Orb.
     0 | D:1      | Reached XP level 1. HP: 19/19 MP: 0/0
   293 | D:1      | Reached skill level 4 in Axes
   293 | D:1      | Reached XP level 2. HP: 25/27 MP: 1/1
   862 | D:1      | Found a faded altar of an unknown god.
   876 | D:1      | Found a faded altar of an unknown god.
  1083 | D:2      | Noticed Terence
  1094 | D:2      | Killed Terence
  1095 | D:2      | Reached XP level 3. HP: 11/34 MP: 2/2
  1707 | D:3      | Reached XP level 4. HP: 41/41 MP: 3/3
  1710 | D:3      | Reached ** piety under Trog
  1847 | D:3      | Found a runed translucent door.
  1848 | D:3      | Noticed Crazy Yiuf
  1873 | D:3      | Reached skill level 5 in Axes
  2364 | D:3      | Identified the amulet of Xom's Passing Interest {Spirit
                  | rPois rF+}
  2695 | D:3      | Killed Crazy Yiuf
  2696 | D:3      | Reached XP level 5. HP: 20/47 MP: 4/4
  2700 | D:3      | Identified the +3 mace of Death's Door {protect, Fragile
                  | Str+2 Dex+4}
  2943 | D:4      | Noticed Blork the orc
  2950 | D:4      | Killed Blork the orc
  2982 | D:4      | Found a staircase to the Ecumenical Temple.
  3525 | D:4      | Reached XP level 6. HP: 53/53 MP: 5/5
  3529 | D:4      | Reached skill level 6 in Axes
  3549 | D:4      | Reached skill level 5 in Armour
  4049 | D:4      | Reached skill level 5 in Fighting
  4287 | D:5      | Entered Level 5 of the Dungeon
  4296 | D:5      | Reached XP level 7. HP: 60/60 MP: 6/6
  4803 | D:5      | Reached skill level 7 in Axes
  5178 | D:5      | Found a blossoming altar of Fedhas.
  5303 | D:6      | Reached skill level 1 in Shields
  5327 | D:6      | Reached *** piety under Trog
  5333 | D:6      | Reached skill level 1 in Stealth
  5614 | D:6      | Reached skill level 8 in Axes
  5614 | D:6      | Reached XP level 8. HP: 69/69 MP: 7/7
  5986 | D:6      | Found a sacrificial altar of Ru.
  5995 | D:6      | Found an ornate altar of the Wu Jian Council.
  6678 | D:6      | Reached skill level 9 in Axes
  8052 | D:7      | Identified the +6 flail "Xiatain" {vorpal, MP+9}
  8202 | D:7      | Reached skill level 1 in Throwing
  8444 | D:7      | Found a basalt altar of Yredelemnul.
  8445 | D:7      | Found a shimmering altar of Xom.
  8559 | D:8      | Reached XP level 9. HP: 77/77 MP: 8/8
  8559 | D:8      | Noticed a kobold demonologist
  8574 | D:8      | Killed a kobold demonologist
  8578 | D:8      | Reached skill level 10 in Axes
  8747 | D:8      | Found a staircase to the Lair.
  8772 | D:8      | Reached skill level 11 in Axes
  9047 | D:8      | Reached **** piety under Trog
  9153 | D:8      | Reached XP level 10. HP: 65/86 MP: 9/9
  9785 | D:8      | Reached skill level 12 in Axes
 10700 | D:9      | Noticed Maurice
 10745 | D:9      | HP: 2/86 [killer bee[Maurice] (4)]
 10995 | D:9      | Killed Maurice
 12144 | D:10     | Entered Level 10 of the Dungeon
 12208 | D:10     | Reached skill level 5 in Shields
 12307 | D:10     | Reached skill level 10 in Armour
 12749 | D:10     | Reached skill level 13 in Axes
 13167 | D:10     | Found a staircase to the Orcish Mines.
 13358 | Orc:1    | Entered Level 1 of the Orcish Mines
 13504 | Orc:1    | Noticed an orc sorcerer
 13866 | D:11     | Reached XP level 11. HP: 95/95 MP: 10/10
 14088 | D:11     | Noticed a seven-headed hydra
 14103 | D:11     | Slain by a 13-headed hydra

Illustrated notes

Levels and vault maps discovered:
D:1:      lightli_arrival_maybe_door_vault, layout_loops_cross,
          hellmonk_ecumenical_altar_the_god_not_taken, minmay_tromino_v4_a
D:2:      layout_rooms, minmay_misc_feat_more_columns, uniq_terence
D:3:      layout_loops_corners, serial_park_tiny_1, uniq_crazy_yiuf_cottage
D:4:      layout_basic, minmay_temple_entry_drinking_statues, uniq_blork_the_orc
D:5:      layout_basic, nicolae_overflow_crystal_walls, minmay_holes
D:6:      layout_gridville, mainiacjoe_overflow_swirl
D:7:      layout_cave_pools, minitemple, kennysheep_pointless_box,
          nicolae_lava_and_water
D:8:      layout_loops_corners, david_lair_generic, special_room
          [special_room_kobold]
D:9:      layout_long_grid, uniq_maurice
D:10:     layout_roguey, david_orc_4
D:11:     layout_rooms, chequers_arboretum
Orc:1:    layout_caves, nicolae_orc_pool_cavern

Skill      XL: |  1  2  3  4  5  6  7  8  9 10 11 |
---------------+----------------------------------+-----
Axes           | 4 5 6 8 9 11 13 | 13.4
Fighting       | 4 5 6 7 8 9 |  9.1
Armour         | 3 4 6 7 9 10 11 | 11.0
Dodging        | 3 4 |  4.8
Shields        | 1 3 4 5 6 |  6.0
Stealth        | 1 |  1.3
Throwing       | 1 |  1.8

Action                   |  1- 3 |  4- 6 |  7- 9 | 10-12 || total
-------------------------+-------+-------+-------+-------++-------
Melee: Hand axe          |    65 |    16 |       |       ||    81
       Headbutt          |    13 |    15 |    43 |    35 ||   106
       War axe           |       |    66 |    13 |     9 ||    88
       Broad axe         |       |       |   195 |       ||   195
       Punch             |       |       |     3 |       ||     3
       Battleaxe         |       |       |     9 |   204 ||   213
Throw: Dart              |       |       |     7 |       ||     7
Invok: Berserk           |     1 |     6 |     8 |     8 ||    23
       Trog's Hand       |       |     1 |       |     3 ||     4
       Brothers in Arms  |       |       |       |     1 ||     1
Evoke: Wand              |       |     1 |       |     1 ||     2
  Use: Scroll            |       |       |       |     2 ||     2
Armor: Leather armour    |     4 |       |       |       ||     4
       Animal skin       |     1 |       |       |       ||     1
       Ring mail         |    25 |    41 |    17 |       ||    83
       Plate armour      |       |       |   109 |   164 ||   273
Dodge: Dodged            |    42 |    69 |    93 |   127 ||   331
Block: Other             |       |     8 |    66 |    64 ||   138
       Reflection        |       |     3 |     1 |     3 ||     7
